 Dungeon Crawl Stone Soup version 0.21.1 (webtiles) character file.

251 Monsterracer the Digger (level 5, -3/38 HPs)
             Began as a Draconian Earth Elementalist on Feb 3, 2018.
             Killed by nerve-wracking pain
             ... invoked by an orc priest
              (10 damage)
             ... on level 3 of the Dungeon.
             The game lasted 00:06:55 (4663 turns).

Monsterracer the Digger (DrEE)                      Turns: 4663, Time: 00:06:56

Health: -3/38      AC:  6    Str: 11    XL:     5   Next: 88%
Magic:  1/10       EV: 12    Int: 16    God:
Gold:   118        SH:  0    Dex: 17    Spells: 5/11 levels left

rFire    . . .     SeeInvis .   a - +0 short sword
rCold    . . .     Gourm    +   (no shield)
rNeg     . . .     Faith    .   (armour unavailable)
rPois    .         Spirit   .   (helmet restricted)
rElec    .         Reflect  .   (no cloak)
rCorr    +         Harm     .   k - +0 pair of gloves
MR       .....                  (no boots)
Stlth    ++........             m - amulet of the gourmand
HPRegen  0.12/turn              i - ring of resist corrosion {!d}
MPRegen  0.12/turn              j - +6 ring of dexterity

@: no status effects
A: unfitting armour, cold-blooded, AC +5
a: no special abilities


You were on level 3 of the Dungeon.
You were not hungry.

You visited 1 branch of the dungeon, and saw 4 of its levels.

You collected 118 gold pieces.

Inventory:

Hand Weapons
 a - a +0 short sword (weapon)
Missiles
 b - 71 stones (quivered)
Armour
 k - a +0 pair of gloves (worn)
Jewellery
 i - a ring of resist corrosion (left hand) {!d}
 j - a +6 ring of dexterity (right hand)
 m - an amulet of the gourmand (around neck)
Scrolls
 e - 3 scrolls of remove curse
 g - a scroll of teleportation
Potions
 f - a potion of cancellation {unknown}
 h - 2 potions of lignification {unknown}
 l - 3 potions of brilliance
 n - 2 potions of heal wounds {unknown}
Books
 d - a book of Geomancy

   Spells                             Type                      Level
   a - Sandblast                      Earth                        1
   b - Passwall                       Transmutation/Earth          2
   c - Stone Arrow                    Conjuration/Earth            3
   d - Petrify                        Transmutation/Earth          4
   e - Lee's Rapid Deconstruction     Earth                        5
 o - a book of Cantrips

   Spells                             Type                      Level
   a - Confusing Touch                Hexes                        1
   b - Animate Skeleton               Necromancy                   1
   c - Summon Small Mammal            Summoning                    1
   d - Apportation                    Translocation                1
Comestibles
 c - 4 rations


   Skills:
 - Level 1.7 Dodging
 - Level 1.7 Stealth
 + Level 3.6 Spellcasting
 - Level 1.0 Transmutations
 * Level 5.7 Earth Magic


You had 5 spell levels left.
You knew the following spells:

 Your Spells              Type           Power        Failure   Level  Hunger
a - Sandblast             Erth           ###...       1%          1    None
c - Stone Arrow           Conj/Erth      ##....       16%         3    ###....
x - Passwall              Tmut/Erth      ##........   7%          2    ##.....


Dungeon Overview and Level Annotations

Branches:
Dungeon (4/15)
 Temple: D:4-7

Altars:
Kikubaaqudgha


Innate Abilities, Weirdness & Mutations

Your plain brown scales are hard. (AC +5)
You cannot fit into any form of body armour.
You are cold-blooded and may be slowed by cold attacks.


Message History

Press: ? - help, Shift-Dir - straight line, f - orc
Aim: an orc, wielding a hand axe The blast of sand hits the orc.
You kill the orc!
b - 77 stones You now have 9/10 mp.
You see here a hand axe.
There is a stone staircase leading down here.
You start resting.
Eating one of 2 chunks of flesh.
You eat one of the 2 chunks of flesh.
This raw flesh tastes great.
Eating a chunk of flesh.
You eat the chunk of flesh.
This raw flesh tastes great.
Magic restored.
MP restored: 10 You start resting.
HP restored.
Health restored: 38 You climb downwards.
The orc priest misses you.
The orc priest mumbles some strange prayers to Beogh against you.
Beogh smites you!
There is a stone staircase leading up here.
You take 14 damage, and have 24/38 hp.
MASSIVE DAMAGE!!
The orc priest calls down the wrath of Beogh upon you.
Beogh smites you!
* * * LOW HITPOINT WARNING * * *
You climb upwards.
There is a stone staircase leading down here.
Unknown command.
Unknown command.
You take 12 damage, and have 12/38 hp.
MASSIVE DAMAGE!!
Unknown command.
Casting: Sandblast
Confirm with . or Enter, or press ? or * to list all spells.
Aiming: Sandblast
Press: ? - help, Shift-Dir - straight line, f - orc priest
Aim: an orc priest, wielding a short sword and wearing a scale mail The blast of sand misses the orc priest.
b - 76 stones The orc priest hits you with a short sword.
* * * LOW HITPOINT WARNING * * *
You take 1 damage, and have 11/38 hp.
You now have 9/10 mp.
Casting: Sandblast
Confirm with . or Enter, or press ? or * to list all spells.
Aiming: Sandblast
Press: ? - help, Shift-Dir - straight line, f/p - orc priest
Aim: an orc priest, wielding a short sword and wearing a scale mail The blast of sand hits the orc priest.
b - 75 stones The orc priest hits you but does no damage.
You now have 8/10 mp.
Casting: Sandblast
Confirm with . or Enter, or press ? or * to list all spells.
Aiming: Sandblast
Press: ? - help, Shift-Dir - straight line, f/p - orc priest
Aim: an orc priest, wielding a short sword and wearing a scale mail The blast of sand hits the orc priest.
b - 74 stones The orc priest barely misses you.
You now have 7/10 mp.
Casting: Sandblast
Confirm with . or Enter, or press ? or * to list all spells.
Aiming: Sandblast
Press: ? - help, Shift-Dir - straight line, f/p - orc priest
Aim: an orc priest, wielding a short sword and wearing a scale mail The blast of sand misses the orc priest.
b - 73 stones The orc priest invokes the aid of Beogh against you.
Pain shoots through your body!
* * * LOW HITPOINT WARNING * * *
You take 4 damage, and have 7/38 hp.
You now have 6/10 mp.
Casting: Sandblast
Confirm with . or Enter, or press ? or * to list all spells.
Aiming: Sandblast
Press: ? - help, Shift-Dir - straight line, f/p - orc priest
Aim: an orc priest, wielding a short sword and wearing a scale mail The blast of sand hits the orc priest.
The orc priest is lightly wounded.
b - 72 stones The orc priest closely misses you.
You now have 5/10 mp.
Casting: Sandblast
Confirm with . or Enter, or press ? or * to list all spells.
Aiming: Stone Arrow
Press: ? - help, Shift-Dir - straight line, f/p - orc priest
Aim: an orc priest, wielding a short sword and wearing a scale mail (lightly wounded)
The stone arrow hits the orc priest.
The orc priest is almost dead.
The orc priest mumbles some strange prayers to Beogh against you.
You barely resist.
You now have 2/10 mp.
Casting: Stone Arrow
Confirm with . or Enter, or press ? or * to list all spells.
Aiming: Sandblast
Press: ? - help, Shift-Dir - straight line, f/p - orc priest
Aim: an orc priest, wielding a short sword and wearing a scale mail (almost dead)
The blast of sand misses the orc priest.
b - 71 stones The orc priest invokes the aid of Beogh against you.
Pain shoots through your body!
You die...

#..[..........##.# #.#
#........>....##.# #.#
..............##.# #.######
..............##.# #.......
........########.# ########
........# ##.## #.....<.
........# #...# #.####.#
........#######.[.# #.#....#
...............)@[# ######.#.####
..[......######o..###....#.#.####
.)........# #....##.##.#.#.....
..).....#.#####....##.##.#.######
..<................##.##.#.#.....
........#.#####.......##.#.#.####
........#.## #....#####.#...#
........#..# #..........#####
........##.## #...########


You could see an orc priest.

Vanquished Creatures
  A scorpion (D:4)
  Jessica (D:3)
  Terence (D:3)
  A worker ant (D:4)
  2 adders (D:3)
  An ooze (D:3)
  2 worms (D:2)
  2 dart slugs
  A leopard gecko (D:1)
  14 orcs
  7 giant cockroaches
  6 goblins
  5 hobgoblins
  7 jackals
  9 kobolds
  A ball python (D:3)
  7 bats
  A frilled lizard (D:3)
  6 rats
75 creatures vanquished.

Notes
Turn   | Place    | Note
-------+----------+-------------------------------------------
     0 | D:1      | Monsterracer the Draconian Earth Elementalist began the quest for the Orb.
     0 | D:1      | Reached XP level 1. HP: 14/14 MP: 3/3
   344 | D:1      | Reached XP level 2. HP: 20/20 MP: 3/5
   348 | D:1      | Learned a level 2 spell: Passwall
  1628 | D:2      | Reached XP level 3. HP: 24/26 MP: 6/6
  1649 | D:2      | Learned a level 3 spell: Stone Arrow
  1832 | D:2      | Reached skill level 4 in Earth Magic
  2324 | D:2      | Found an ancient bone altar of Kikubaaqudgha.
  2685 | D:3      | Reached XP level 4. HP: 30/33 MP: 4/8
  2723 | D:3      | Noticed Terence
  2744 | D:3      | HP: 12/33 [Terence/mace of pain (7)]
  2745 | D:3      | Killed Terence
  2754 | D:3      | HP: 9/33 [kobold (4)]
  3004 | D:3      | HP: 14/33 [orc/club (6)]
  3443 | D:3      | Noticed Jessica
  3444 | D:3      | Killed Jessica
  3444 | D:3      | Reached skill level 5 in Earth Magic
  3444 | D:3      | Reached XP level 5. HP: 38/38 MP: 5/9
  4105 | D:4      | Noticed a centaur
  4138 | D:4      | HP: 18/38 [worker ant (3)]
  4140 | D:4      | HP: 8/38 [poisoned by a worker ant]
  4146 | D:4      | HP: 6/38 [poisoned by a worker ant]
  4153 | D:4      | HP: 5/38 [poisoned by a worker ant]
  4161 | D:4      | HP: 4/38 [poisoned by a worker ant]
  4655 | D:4      | HP: 12/38 [orc priest/divine providence (12)]
  4660 | D:3      | HP: 7/38 [orc priest/nerve-wracking pain (5)]
  4663 | D:3      | Killed from afar by an orc priest

Skill      XL: |  1  2  3  4 |
---------------+-------------+-----
Earth Magic    | 4 5 |  5.7
Spellcasting   | 3 |  3.6
Dodging        | |  1.7
Stealth        | |  1.7
Transmutations | |  1.0

Action                   |  1- 3 |  4- 6 || total
-------------------------+-------+-------++-------
Melee: Unarmed           |    31 |       ||    31
       Short sword       |   104 |   102 ||   206
       Tailslap          |    13 |     9 ||    22
 Cast: Sandblast         |    17 |    25 ||    42
       Stone Arrow       |     3 |     4 ||     7
  Use: Scroll            |       |     4 ||     4
 Stab: Sleeping          |     6 |     3 ||     9
  Eat: Chunk             |     6 |     7 ||    13
       Ration            |       |     1 ||     1
Armor: Skin              |    53 |    35 ||    88
Dodge: Dodged            |   103 |    64 ||   167

Vault maps used:
D:1:      ncdulo_wetmaze, serial_forest, infiniplex_forest_clump_cross,
          infiniplex_forest_diagonal, infiniplex_forest_lined_corner,
          infiniplex_forest_straight_2, infiniplex_forest_clump_long
D:2:      kiku_gazebo_pond_becter, first_ration
D:3:      uniq_terence, uniq_jessica
D:4:      kennysheep_little_box, kennysheep_doodads
